AoeStats
← DiegoAzul10

Arena

510245662Analyzed
4v4 RM · 7h ago on Sep 30, 2026· 58m 33s· 8 players
Game mode
Random Map
Map size
Large (8 player)
Population
200
Speed
Normal
Resources
Standard
Victory
Conquest
Starting age
Dark Age
Ending age
Imperial Age
RankedLock teamsTeams togetherTeam positionsShared explorationLock speedFull tech treeHidden civsTurbo modeCheats
Victory
Defeat
🇲🇽 Khmer · Mexico
1484
+11
🇲🇽 Mongols · Mexico
1396
+14
🇲🇽 Varangians · Mexico
1365
+16
🇨🇴 Koreans · Colombia
1347
+17
🇺🇸 Teutons · United States
1371
-15
🇨🇦 Hindustanis · Canada
1369
-15
🇮🇳 Magyars · India
1359
-14
🇲🇽 Bohemians · Mexico
1350
-14
CSA_HW_Mercer
10:30 Feudal Age
14:11 Castle Age
12:23 Double-Bit Axe
12:53 Horse Collar
18:15 Loom
21:26 Wheelbarrow
22:28 Bow Saw
23:06 Heavy Plow
23:54 Hand Cart
23:44 Gold Mining
24:29 Stone Mining
24:34 Town Watch
26:48 Scale Barding Armor
26:54 Forging
29:51 Imperial Age
28:13 Chain Barding Armor
28:56 Iron Casting
28:33 Fortified Wall
29:24 Bloodlines
29:41 Husbandry
31:21 Plate Barding Armor
31:56 Blast Furnace
30:32 Heavy Camel Rider
33:23 Conscription
33:07 Imperial Camel Rider
34:29 Fletching
36:16 Pikeman
37:39 Squires
37:42 Scale Mail Armor
38:44 Chemistry
39:24 Ballistics
40:17 Chain Mail Armor
42:34 Bodkin Arrow
42:40 Padded Archer Armor
42:47 Padded Archer Armor
42:46 Onager
44:09 Siege Engineers
44:03 Elite Skirmisher
45:20 Bracer
45:37 Leather Archer Armor
46:18 Thumb Ring
47:29 Two-Man Saw
53:02 Masonry
55:02 Ring Archer Armor
Alive
9:23 Feudal Age
7:42 Loom
10:27 Town Watch
12:45 Fletching
17:10 Horse Collar
22:27 Castle Age
20:59 Double-Bit Axe
21:25 Gold Mining
31:08 Imperial Age
29:16 Wheelbarrow
29:47 Bow Saw
29:39 Bodkin Arrow
30:35 Masonry
31:30 Ballistics
31:28 Scale Mail Armor
31:33 Stone Mining
34:21 Hoardings
34:28 Forging
35:33 Chemistry
36:23 Crenellations
39:14 Siege Engineers
40:28 Guard Tower
40:26 Arrowslits
44:56 Hand Cart
44:47 Heavy Plow
45:07 Chain Mail Armor
46:30 Town Patrol
47:13 Conscription
47:38 Elite Teutonic Knight
48:00 Elite Skirmisher
50:18 Squires
57:05 Pikeman
Villano91
10:46 Feudal Age
15:10 Castle Age
13:08 Double-Bit Axe
14:07 Horse Collar
16:10 Bow Saw
18:32 Fervor
24:43 Wheelbarrow
25:37 Heavy Plow
29:39 Imperial Age
28:25 Hand Cart
27:59 Town Watch
28:08 Fletching
29:22 Chemistry
28:33 Loom
30:32 Padded Archer Armor
30:29 Bodkin Arrow
31:05 Conscription
31:53 Two-Man Saw
31:31 Leather Archer Armor
32:06 Squires
31:26 Pikeman
32:11 Scale Mail Armor
32:58 Halberdier
34:32 Chain Mail Armor
34:28 Forging
34:57 Town Patrol
34:39 Elite Skirmisher
37:19 Ring Archer Armor
36:50 Bracer
40:50 Plate Mail Armor
44:36 Iron Casting
56:05 Coinage
55:46 Guilds
55:37 Caravan
57:54 Arson
NUR
10:40 Feudal Age
14:27 Castle Age
13:19 Horse Collar
13:54 Double-Bit Axe
14:17 Loom
16:12 Wheelbarrow
16:07 Bow Saw
17:06 Heavy Plow
24:34 Gold Mining
25:48 Fletching
25:59 Padded Archer Armor
29:03 Imperial Age
27:12 Fletching
27:22 Padded Archer Armor
27:41 Hand Cart
27:11 Loom
27:12 Town Watch
27:52 Ballistics
27:13 Treadmill Crane
28:27 Gold Shaft Mining
28:18 Bodkin Arrow
29:24 Bloodlines
29:15 Husbandry
28:35 Light Cavalry
29:17 Heavy Cavalry Archer
30:28 Leather Archer Armor
31:22 Chemistry
30:33 Thumb Ring
31:56 Bracer
34:32 Ring Archer Armor
34:29 Conscription
34:50 Parthian Tactics
35:10 Recurve Bow
37:26 Coinage
36:53 Stone Mining
38:17 Banking
37:54 Scale Barding Armor
42:35 Two-Man Saw
42:03 Chain Barding Armor
43:09 Hussar
44:33 Masonry
44:19 Murder Holes
45:26 Plate Barding Armor
47:16 Siege Engineers
DiegoAzul10
11:01 Feudal Age
14:07 Castle Age
11:59 Horse Collar
12:09 Double-Bit Axe
16:10 Bow Saw
16:02 Heavy Plow
23:38 Gold Mining
24:14 Stone Mining
25:04 Wheelbarrow
28:13 Imperial Age
26:35 Hand Cart
26:30 Scale Barding Armor
27:07 Gold Shaft Mining
27:08 Stone Shaft Mining
27:31 Chain Barding Armor
27:21 Forging
28:43 Iron Casting
28:23 Bloodlines
28:14 Husbandry
28:36 Loom
29:31 Plate Barding Armor
28:20 Elite Battle Elephant
30:17 Crop Rotation
31:06 Blast Furnace
31:52 Coinage
34:32 Tusk Swords
34:56 Conscription
35:53 Light Cavalry
36:49 Fletching
38:28 Banking
37:24 Hussar
40:32 Ballistics
41:12 Chemistry
40:10 Bodkin Arrow
47:05 Siege Engineers
47:10 Masonry
47:19 Masonry
49:29 Architecture
58:13 Bracer
[A2PL] ThaNaThoS
10:01 Feudal Age
12:17 Loom
15:00 Castle Age
13:53 Horse Collar
14:24 Double-Bit Axe
20:48 Wheelbarrow
30:11 Imperial Age
27:47 Gold Mining
27:53 Crossbowman
29:17 Gold Shaft Mining
29:30 Ballistics
29:23 Fletching
29:57 Bow Saw
29:45 Stone Mining
30:24 Arbalester
32:19 Chemistry
31:32 Bodkin Arrow
31:38 Town Watch
33:17 Two-Man Saw
32:16 Pikeman
32:57 Squires
33:12 Thumb Ring
34:07 Halberdier
35:03 Forging
34:54 Scale Mail Armor
34:54 Bracer
36:29 Iron Casting
36:38 Stone Shaft Mining
36:21 Eupseong
36:42 Conscription
36:26 Town Patrol
36:41 Hand Cart
37:59 Conscription
37:44 Eupseong
38:04 Conscription
38:14 Heavy Plow
38:21 Siege Engineers
37:57 Treadmill Crane
38:12 Murder Holes
38:28 Masonry
39:06 Chain Mail Armor
38:30 Heavy Rocket Cart
39:28 Elite Fire Lancer
44:08 Plate Mail Armor
44:13 Arson
46:47 Architecture
50:33 Coinage
51:18 Shinkichon
[A2PL]JUANDDCAB
10:41 Feudal Age
14:49 Castle Age
13:08 Double-Bit Axe
13:20 Horse Collar
18:24 Loom
20:32 Loom
25:40 Wheelbarrow
25:13 Heavy Plow
25:40 Bow Saw
29:33 Imperial Age
27:48 Hand Cart
27:19 Town Watch
28:26 Scale Barding Armor
29:20 Forging
30:51 Conscription
31:10 Iron Casting
30:56 Chain Barding Armor
30:50 Stone Mining
30:52 Gold Mining
31:05 Husbandry
31:16 Bloodlines
32:09 Elite Jarl
34:12 Plate Barding Armor
34:37 Blast Furnace
35:21 Stone Shaft Mining
35:18 Fletching
36:46 Two-Man Saw
38:37 Crop Rotation
38:20 Bodkin Arrow
40:16 Chemistry
39:37 Ballistics
39:21 Padded Archer Armor
39:32 Elite Skirmisher
40:31 Bracer
40:48 Leather Archer Armor
41:38 Treadmill Crane
42:08 Masonry
42:41 Ring Archer Armor
44:48 Siege Engineers
45:44 Coinage
48:37 Banking
utenrreyra
9:40 Feudal Age
9:46 Feudal Age
13:05 Loom
13:33 Fletching
19:52 Castle Age
18:47 Stone Mining
18:45 Double-Bit Axe
20:59 Bow Saw
20:48 Bodkin Arrow
22:23 Guard Tower
26:49 Fortified Wall
29:02 Bloodlines
29:19 Gold Mining
33:25 Ballistics
36:18 Padded Archer Armor
37:45 Leather Archer Armor
38:14 Elite Skirmisher
39:00 Thumb Ring
41:43 Imperial Age
41:05 Wheelbarrow
42:27 Hand Cart
42:30 Elite Mangudai
43:31 Leather Archer Armor
43:16 Bracer
45:09 Chemistry
44:33 Thumb Ring
45:04 Parthian Tactics
45:36 Bracer
48:24 Hoardings
53:47 Light Cavalry
54:28 Husbandry
55:36 Scale Barding Armor
55:42 Forging
56:27 Hand Cart
56:05 Elite Skirmisher
Connection lost

Rejoining the realm…

Still unreachable

The connection could not be restored.

Session expired

The server has moved on; the page needs a fresh start.